cohdb
Replays
Latest Replays
All Replays
Popular Replays
Top Player Replays
Match Explorer
How It Works
Community
CoH3 Stats
Reddit
Sign in to upload your games and track your stats! →
Sign in with Steam
Match 42623173
Unlisted
Match 42623173
Overview
Messages
Build Orders
End
Selects Airborne Battlegroup
Selects Pathfinders
Construct Weapon Support Center
Pathfinder Squad
M1919 Machine Gun Team
Bazooka Squad
M1919 Machine Gun Team
Selects Paratrooper Squad Paradrop
Paratrooper Squad Paradrop
Infantry Support Center
Construct Medical Station
M3 Armored Personnel Carrier
M3 Armored Personnel Carrier
Paratrooper Squad Paradrop
Selects Anti-tank Gun Team Paradrop
Selects Recon Loiter
Construct Tank Depot
Recon Loiter
M4(105) Sherman Bulldozer
Selects Supply Drop
Engineer Squad
Selects Dual P-47 Rocket Strike
Dual P-47 Rocket Strike
M18 Hellcat Tank Destroyer
Supply Drop
M18 Hellcat Tank Destroyer
Random_Target
Bish Bash Bosh
Jackson
【PZV】幸运的雪风酱Ciallo~(∠・ω< )⌒★
Unsafe
Fugue_Heaven
0
0
Comments
sign in to comment!
No comments posted yet!